Map: King Sejong Station LE

Players

ASB - Winner!

  • Race: Terran Terran
  • League: Master

Jaf

  • Race: Zerg Zerg
  • League: Master

VOD

Have the link to the VOD?

Description

Time

  • Played on: Oct. 22, 2016, 8:47 p.m.
  • Length: 10:03
Show
View Real Time Build Order
Export as new Build Order

ASB Terran - Winner!

Build Orders: Reaper Expand, MMM Bio 

Get SALT Encoding   

  12  0:01  SCV  
  13  0:13  SCV  
  14  0:17  Supply Depot  
  14  0:25  SCV  
  15  0:39  SCV  
  15  0:41  Barracks  
  16  0:47  Refinery  
  16  0:51  SCV  
  17  1:03  SCV  
  18  1:15  SCV  
  19  1:29  Orbital Command  
  19  1:31  Reaper  
  20  1:41  Command Center, Unknown  
  20  1:55  SCV, Supply Depot  
  21  2:05  Barracks Reactor  
  21  2:07  SCV  
  22  2:14  Barracks  
  22  2:19  SCV  
  23  2:23  Refinery  
  23  2:31  SCV  
  24  2:43  SCV, Marine x2  
  27  2:47  Factory  
  27  2:53  Unknown  
  27  2:56  Orbital Command  
  27  2:57  SCV  
  28  3:00  Marine  
  28  3:01  Marine  
  28  3:03  Barracks Tech Lab  
  30  3:09  SCV  
  31  3:20  Marine x2  
  31  3:21  SCV  
  31  3:23  Marine  
  31  3:25  Stimpack, SCV  
  35  3:29  Supply Depot  
  35  3:33  SCV, Starport  
  36  3:35  Factory Reactor  
  36  3:38  SCV  
  37  3:42  Marine x3  
  37  3:46  SCV  
  41  3:50  SCV  
  41  3:52  Supply Depot  
  42  3:58  SCV  
  42  4:02  SCV  
  44  4:03  Marine x3  
  47  4:10  SCV, Engineering Bay  
  47  4:14  SCV  
  49  4:21  Engineering Bay  
  49  4:22  SCV, Medivac  
  49  4:23  Medivac  
  54  4:24  Marine x3  
  54  4:27  SCV  
  58  4:31  Supply Depot  
  58  4:34  SCV, Refinery  
  59  4:38  Terran Infantry Weapons Level 1  
  59  4:40  SCV  
  59  4:42  Marine  
  61  4:46  SCV  
  61  4:47  Terran Infantry Armor Level 1  
  62  4:53  SCV  
  62  4:58  SCV  
  64  5:04  Marine x3  
  64  5:05  Factory Reactor  
  67  5:10  SCV  
  67  5:11  Barracks  
  67  5:13  Command Center, Unknown  
  68  5:14  Supply Depot  
  68  5:22  Marine  
  68  5:26  SCV  
  68  5:27  SCV  
  68  5:28  Barracks  
  71  5:30  Barracks  
  63  5:53  Marine x2  
  63  5:54  Marauder  
  63  5:56  Combat Shields  
  67  5:59  SCV  
  67  6:00  SCV, Supply Depot, Armory  
  67  6:03  Refinery  
  69  6:04  Factory Tech Lab  
  69  6:05  Medivac x2  
  69  6:06  Barracks  
  69  6:10  Marine x2  
  75  6:17  Marine x2  
  77  6:18  Barracks Reactor  
  77  6:19  Barracks Tech Lab  
  77  6:20  SCV x2  
  77  6:24  Unknown  
  79  6:25  Orbital Command  
  79  6:34  Marine  
  79  6:35  Supply Depot  
  79  6:37  Marine x3  
  79  6:38  Marine  
  79  6:39  Marine  
  84  6:43  Siege Tank  
  88  6:52  Marine  
  89  6:54  Terran Infantry Armor Level 2, Orbital Command, Terran Infantry Weapons Level 2  
  89  6:58  SCV x2  
  89  6:59  Marine x2  
  93  7:03  Barracks Reactor  
  93  7:09  Marauder, Marine x2  
  93  7:10  SCV x2  
  93  7:13  Supply Depot  
  93  7:14  Marine  
  100  7:17  Marine x2  
  100  7:19  Marine  
  95  7:30  Marine x4  
  95  7:36  Marine  
  95  7:37  Marine x2  
  99  7:38  Medivac, Siege Tank  
  99  7:41  Marine x3  
  109  7:47  SCV x2  
  109  7:48  SCV  
  109  7:49  Marauder  
  114  7:54  Bunker  
  114  7:58  Marine x4  
  117  7:59  Marauder  
  120  8:08  Marine x3  
  120  8:10  Marauder  
  125  8:16  Supply Depot  
  125  8:17  Supply Depot  
  125  8:18  Supply Depot  
  125  8:19  SCV x2, Siege Tank  
  130  8:24  Marine x3  
  133  8:30  Barracks  
  133  8:37  Marine  
  133  8:38  Marauder  
  136  8:50  Marine x6  
  136  8:51  Marauder  
  144  8:57  Refinery  
  144  8:58  Marine x3, Refinery  
  144  8:59  Starport  
  144  9:00  Medivac x2, Starport  
  151  9:07  Marine  
  152  9:12  Marauder, Marine x3  
  157  9:17  Supply Depot  
  157  9:18  Supply Depot  
  157  9:19  Marine  
  157  9:20  Command Center, Unknown  
  157  9:21  Marine x3  
  161  9:30  Marine x2  
  161  9:31  Barracks Tech Lab, Marine  
Show
View Real Time Build Order
Export as new Build Order

Jaf Zerg 

Build Orders: Hatch First 

Get SALT Encoding   

  12  0:01  Drone  
  13  0:12  Overlord  
  13  0:18  Drone  
  14  0:31  Drone x2  
  16  0:36  Drone  
  17  0:54  Unknown, Hatchery  
  16  0:58  Drone  
  16  0:59  Drone  
  18  1:08  Extractor  
  17  1:15  Spawning Pool  
  17  1:18  Drone  
  17  1:30  Drone  
  18  1:52  Drone  
  19  2:01  Queen  
  19  2:06  Unknown  
  19  2:07  Queen  
  19  2:08  Zergling x6  
  25  2:12  Overlord  
  26  2:17  Metabolic Boost  
  26  2:22  Drone x2  
  28  2:35  Drone x2  
  29  2:42  Queen  
  29  2:43  Drone x2  
  33  2:57  Drone x2  
  35  3:08  Extractor  
  34  3:20  Unknown, Hatchery  
  34  3:23  Drone x2  
  35  3:30  Overlord  
  35  3:32  Drone  
  36  3:43  Overlord  
  36  3:56  Drone x2  
  36  3:57  Overlord, Drone x3  
  39  4:03  Pneumatized Carapace  
  39  4:07  Roach Warren  
  38  4:17  Zergling x2  
  38  4:18  Zergling x4  
  38  4:20  Extractor  
  41  4:24  Drone x3  
  41  4:25  Evolution Chamber  
  41  4:26  Evolution Chamber  
  41  4:27  Overlord  
  41  4:28  Zergling x8  
  41  4:29  Zergling x2  
  46  4:32  Unknown  
  46  4:39  Drone x2  
  46  4:40  Drone  
  49  4:49  Roach x3  
  49  4:50  Lair  
  55  5:03  Drone x2  
  55  5:04  Drone x6  
  63  5:10  Zerg Melee Weapons Level 1  
  63  5:15  Overlord  
  63  5:18  Extractor  
  62  5:21  Extractor  
  62  5:27  Roach x3  
  62  5:28  Roach  
  69  5:34  Roach x2  
  69  5:35  Roach  
  75  5:41  Roach x2  
  69  5:45  Zergling x12  
  69  5:49  Queen  
  69  5:59  Drone x3  
  69  6:00  Drone x2  
  74  6:13  Overlord x3  
  74  6:26  Zerg Ground Armor Level 1  
  74  6:27  Overlord x2  
  74  6:34  Drone  
  74  6:35  Drone x3  
  74  6:36  Drone  
  74  6:38  Drone x3  
  74  6:39  Drone  
  83  6:41  Ravager x3  
  83  6:43  Overlord  
  83  6:45  Unknown, Hatchery  
  85  6:49  Infestation Pit  
  84  6:57  Queen  
  86  7:02  Drone x4  
  86  7:04  Drone x3  
  86  7:06  Drone  
  86  7:07  Overlord  
  94  7:11  Zerg Melee Weapons Level 2  
  93  7:28  Roach  
  93  7:29  Roach x2, Zergling x10  
  91  7:30  Zergling x8  
  91  7:31  Zergling x2  
  83  7:41  Glial Reconstitution  
  75  8:00  Roach x4  
  75  8:01  Zergling x6  
  80  8:07  Hive  
  80  8:08  Roach x2  
  80  8:09  Roach x4  
  80  8:10  Zergling x4  
  80  8:11  Zergling x4  
  96  8:22  Zergling x8  
  96  8:26  Unknown, Hatchery  
  99  8:37  Roach x3  
  99  8:38  Extractor x2, Roach x2, Zergling x4  
  109  8:51  Unknown, Hatchery, Drone x2  
  109  8:52  Drone x3  
  113  8:59  Ravager x3  
  116  9:03  Roach x3  
  116  9:05  Overseer, Overlord x3  
  122  9:13  Overlord x2  
  122  9:21  Ultralisk Cavern, Zergling x2  
  122  9:22  Overlord x2  
  122  9:32  Roach x3  
  122  9:33  Roach x2  
  122  9:38  Unknown  
Tags
 
Add a new tag
Caveats
  • Supply blocks, unpowered buildings, or Contaminate may cause inaccurate times.
  • Supply counts are checked every 10 seconds.